PAAA
PLYMOUTH ROCKS @ ATHLETIC CLUB KC RESERVES
08/31/2025
 
TOP OF THE 1ST
Plymouth Rocks batting - Pitching for Athletic Club KC Reserves : RHP Alfredo Ríos
Pitching: RHP Alfredo Ríos
Batting: LHB Carlos Garza 0-0: Foul Ball, location: 2F
0-1: Ball
1-1: Ball
2-1: Swinging Strike
2-2: Foul Ball, location: 2F
2-2: Ball
3-2: Foul Ball, location: 2F
3-2: TRIPLE (Groundball, 3L)
Batting: RHB Sang-yeon Kim 0-0: Ball
1-0: Ball
2-0: Ball
3-0: Base on Balls
Batting: LHB Jorge Borbón 0-0: Ball
1-0: Ball
2-0: Foul Ball, location: 2F
2-1: Ball
3-1: Swinging Strike
3-2: Base on Balls
Sang-yeon Kim to second
Batting: LHB Carlos Álvarez 0-0: Fly out, F7 (Flyball, 7S)
Batting: RHB Hubert Dodson 0-0: Ball
1-0: Called Strike
1-1: Fly out, F2 (Popup, 5S)
Batting: LHB Luis Costello 0-0: Ball
1-0: Called Strike
1-1: Fly out, F7 (Flyball, 7)
Top of the 1st over - 0 run(s), 1 hit(s), 0 error(s), 3 left on base; Plymouth 0 - Athletic Club KC 0
BOTTOM OF THE 1ST
Athletic Club KC Reserves batting - Pitching for Plymouth Rocks : RHP Culley Sandoval
Pitching: RHP Culley Sandoval
Batting: LHB Matt Hartnett 0-0: Ball
1-0: Ball
2-0: Ball
3-0: Called Strike
3-1: Swinging Strike
3-2: Foul Ball, location: 2F
3-2: Base on Balls
Batting: RHB Chris Teague 0-0: Ball
Matt Hartnett steals 2nd base
1-0: Called Strike
1-1: Ball
2-1: Foul Ball, location: 2F
2-2: Foul Ball, location: 2F
2-2: Foul Ball, location: 2F
2-2: SINGLE (Groundball, 6D)
Matt Hartnett to third
Batting: RHB Robert Hill 0-0: Ball
1-0: SINGLE (Line Drive, 56D)
Matt Hartnett scores
Chris Teague to second
Batting: RHB Akihiko Oike 0-0: Grounds into double play, 5-4-3 (Groundball, 56)
Chris Teague to third
Batting: LHB Rubén López 0-0: Ball
1-0: Foul Ball, location: 2F
1-1: Ball
2-1: Ball
3-1: Ground out 4-3 (Groundball, 34)
Bottom of the 1st over - 1 run(s), 2 hit(s), 0 error(s), 1 left on base; Plymouth 0 - Athletic Club KC 1
TOP OF THE 2ND
Plymouth Rocks batting - Pitching for Athletic Club KC Reserves : RHP Alfredo Ríos
Batting: RHB Ken Fulton 0-0: Called Strike
0-1: Swinging Strike
0-2: Ball
1-2: Foul Ball, location: 2F
1-2: SINGLE (Groundball, 6MD)
Batting: LHB Motoshige Kitamura 0-0: Ball
1-0: Swinging Strike
1-1: Called Strike
1-2: Ball
2-2: Ball
3-2: Base on Balls
Ken Fulton to second
Batting: LHB Kent Roberts 0-0: Foul Ball, location: 2F
0-1: Ball
1-1: Called Strike
1-2: Strikes out swinging
Batting: LHB Carlos Garza 0-0: Ball
1-0: SINGLE (Groundball, 4S) (infield hit)
Ken Fulton to third
Motoshige Kitamura to second
Batting: RHB Sang-yeon Kim 0-0: Foul Ball, location: 2F
0-1: Ball
1-1: Grounds into double play, 4-6-3 (Groundball, 4)
Top of the 2nd over - 0 run(s), 2 hit(s), 0 error(s), 2 left on base; Plymouth 0 - Athletic Club KC 1
BOTTOM OF THE 2ND
Athletic Club KC Reserves batting - Pitching for Plymouth Rocks : RHP Culley Sandoval
Batting: RHB Allen Williams 0-0: Called Strike
0-1: Foul Ball, location: 2F
0-2: Fly out, F9 (Flyball, 9LM)
Batting: RHB Bill Dennis 0-0: Ball
1-0: Ball
2-0: Called Strike
2-1: Foul Ball, location: 2F
2-2: Foul Ball, location: 2F
2-2: Ball
3-2: Fly out, F6 (Line Drive, 6)
Batting: SHB Fernando Luna 0-0: Swinging Strike
0-1: Fly out, F9 (Flyball, 9S)
Bottom of the 2nd over - 0 run(s), 0 hit(s), 0 error(s), 0 left on base; Plymouth 0 - Athletic Club KC 1
TOP OF THE 3RD
Plymouth Rocks batting - Pitching for Athletic Club KC Reserves : RHP Alfredo Ríos
Batting: LHB Jorge Borbón 0-0: Fly out, F9 (Line Drive, 9D)
Batting: LHB Carlos Álvarez 0-0: Ball
1-0: Ball
2-0: Called Strike
2-1: Called Strike
2-2: Foul Ball, location: 2F
2-2: Foul Ball, location: 2F
2-2: Ball
3-2: Fly out, F9 (Flyball, 89M)
Batting: RHB Hubert Dodson 0-0: Swinging Strike
0-1: Ball
1-1: Ball
2-1: Ball
3-1: Foul Ball, location: 2F
3-2: Ground out 5-3 (Groundball, 56)
Top of the 3rd over - 0 run(s), 0 hit(s), 0 error(s), 0 left on base; Plymouth 0 - Athletic Club KC 1
BOTTOM OF THE 3RD
Athletic Club KC Reserves batting - Pitching for Plymouth Rocks : RHP Culley Sandoval
Batting: RHB Mike Lovell 0-0: Called Strike
0-1: Fly out, F4 (Popup, 4)
Batting: LHB Matt Hartnett 0-0: Ball
1-0: Called Strike
1-1: Ball
2-1: Fly out, F7 (Flyball, 78M)
Batting: RHB Chris Teague 0-0: Ball
1-0: Ground out 6-3 (Groundball, 6)
Bottom of the 3rd over - 0 run(s), 0 hit(s), 0 error(s), 0 left on base; Plymouth 0 - Athletic Club KC 1
TOP OF THE 4TH
Plymouth Rocks batting - Pitching for Athletic Club KC Reserves : RHP Alfredo Ríos
Batting: LHB Luis Costello 0-0: Called Strike
0-1: Called Strike
0-2: Ground out 5-3 (Groundball, 56S)
Batting: RHB Ken Fulton 0-0: Called Strike
0-1: Called Strike
0-2: Ball
1-2: Ball
2-2: Hit by Pitch
Batting: LHB Motoshige Kitamura 0-0: Ball
1-0: Foul Ball, location: 2F
1-1: Foul Ball, location: 2F
1-2: Ball
2-2: Ball
3-2: Strikes out looking
Batting: LHB Kent Roberts 0-0: Foul Ball, location: 2F
0-1: Swinging Strike
0-2: Ball
Wild Pitch!
Ken Fulton to second
1-2: Ball
2-2: Ball
3-2: Strikes out swinging
Top of the 4th over - 0 run(s), 0 hit(s), 0 error(s), 1 left on base; Plymouth 0 - Athletic Club KC 1
BOTTOM OF THE 4TH
Athletic Club KC Reserves batting - Pitching for Plymouth Rocks : RHP Culley Sandoval
Batting: RHB Robert Hill 0-0: Ball
1-0: Called Strike
1-1: Foul Ball, location: 2F
1-2: Ground out 6-3 (Groundball, 6)
Batting: RHB Akihiko Oike 0-0: Called Strike
0-1: Ball
1-1: Ball
2-1: Fly out, F9 (Flyball, 9S)
Batting: LHB Rubén López 0-0: Called Strike
0-1: Swinging Strike
0-2: Ball
1-2: Ball
2-2: Foul Ball, location: 2F
2-2: Ball
3-2: Fly out, F9 (Flyball, 9)
Bottom of the 4th over - 0 run(s), 0 hit(s), 0 error(s), 0 left on base; Plymouth 0 - Athletic Club KC 1
TOP OF THE 5TH
Plymouth Rocks batting - Pitching for Athletic Club KC Reserves : RHP Alfredo Ríos
Batting: LHB Carlos Garza 0-0: Foul Ball, location: 2F
0-1: Ball
1-1: SINGLE (Groundball, 2R) (infield hit)
Batting: RHB Sang-yeon Kim 0-0: Sac Bunt - play at first, batter OUT! 1-3
Carlos Garza to second
Batting: LHB Jorge Borbón 0-0: Ball
1-0: Ball
2-0: Ball
Carlos Garza steals 3rd base
3-0: Called Strike
3-1: Foul Ball, location: 2F
3-2: Fly out, F3 (Line Drive, 3L)
Pitching: LHP Mark Tucker
Batting: LHB Carlos Álvarez 0-0: Ball
1-0: Called Strike
1-1: Swinging Strike
1-2: Ball
2-2: Ground out 4-3 (Groundball, 4MS)
Top of the 5th over - 0 run(s), 1 hit(s), 0 error(s), 1 left on base; Plymouth 0 - Athletic Club KC 1
BOTTOM OF THE 5TH
Athletic Club KC Reserves batting - Pitching for Plymouth Rocks : RHP Culley Sandoval
Batting: RHB Allen Williams 0-0: Ball
1-0: Ball
2-0: Foul Ball, location: 2F
2-1: Ball
3-1: Foul Ball, location: 2F
3-2: Fly out, F4 (Popup, 34)
Batting: RHB Bill Dennis 0-0: Called Strike
0-1: Ball
1-1: Ball
2-1: Ball
3-1: Base on Balls
Batting: SHB Fernando Luna 0-0: Ball
1-0: Fly out, F4 (Line Drive, 4M)
Batting: RHB Mike Lovell 0-0: Ball
1-0: Fielders Choice at 2nd, 5-4 (Groundball, 56)
Bottom of the 5th over - 0 run(s), 0 hit(s), 0 error(s), 0 left on base; Plymouth 0 - Athletic Club KC 1
TOP OF THE 6TH
Plymouth Rocks batting - Pitching for Athletic Club KC Reserves : LHP Mark Tucker
Batting: RHB Hubert Dodson 0-0: Called Strike
0-1: Foul Ball, location: 2F
0-2: Ball
1-2: Foul Ball, location: 2F
1-2: Strikes out looking
Batting: LHB Luis Costello 0-0: Foul Ball, location: 2F
0-1: Called Strike
0-2: Ball
1-2: Ball
2-2: Foul Ball, location: 2F
2-2: Ball
3-2: Fly out, F6 (Line Drive, 6M)
Batting: RHB Ken Fulton 0-0: Called Strike
0-1: Ground out 6-3 (Groundball, 6)
Top of the 6th over - 0 run(s), 0 hit(s), 0 error(s), 0 left on base; Plymouth 0 - Athletic Club KC 1
BOTTOM OF THE 6TH
Athletic Club KC Reserves batting - Pitching for Plymouth Rocks : RHP Culley Sandoval
Batting: LHB Matt Hartnett 0-0: Called Strike
0-1: Called Strike
0-2: Ball
1-2: Strikes out swinging
Batting: RHB Chris Teague 0-0: Foul Ball, location: 2F
0-1: Ball
1-1: Foul Ball, location: 2F
1-2: Foul Ball, location: 2F
1-2: Ball
2-2: Strikes out swinging
Batting: RHB Robert Hill 0-0: SINGLE (Groundball, 56D)
Pitching: LHP Orlando Martínez
Batting: RHB Akihiko Oike 0-0: Ball
1-0: Ball
2-0: Hit by Pitch
Robert Hill to second
Batting: LHB Rubén López 0-0: Called Strike
0-1: Foul Ball, location: 2F
0-2: Ball
1-2: Fly out, F3 (Popup, 3L)
Bottom of the 6th over - 0 run(s), 1 hit(s), 0 error(s), 2 left on base; Plymouth 0 - Athletic Club KC 1
TOP OF THE 7TH
Plymouth Rocks batting - Pitching for Athletic Club KC Reserves : LHP Mark Tucker
Batting: LHB Motoshige Kitamura 0-0: Foul Ball, location: 2F
0-1: Ball
1-1: Ball
2-1: Ball
3-1: SOLO HOME RUN (Flyball, 9D), Distance : 342 ft
Pinch Hitting: RHB Joe Runyon 0-0: Fly out, F8 (Flyball, 8RS)
Batting: LHB Carlos Garza 0-0: Ball
1-0: Foul Ball, location: 2F
1-1: Ground out 5-3 (Groundball, 56)
Batting: RHB Sang-yeon Kim 0-0: Swinging Strike
0-1: Ball
1-1: Swinging Strike
1-2: Ball
2-2: Ball
3-2: Base on Balls
Batting: LHB Jorge Borbón 0-0: SINGLE (Groundball, 6D)
Sang-yeon Kim to second
Pitching: LHP John McCord
Batting: LHB Carlos Álvarez 0-0: Ball
1-0: Swinging Strike
1-1: Swinging Strike
1-2: Foul Ball, location: 2F
1-2: Fly out, F8 (Flyball, 8RM)
Top of the 7th over - 1 run(s), 2 hit(s), 0 error(s), 2 left on base; Plymouth 1 - Athletic Club KC 1
BOTTOM OF THE 7TH
Athletic Club KC Reserves batting - Pitching for Plymouth Rocks : LHP Orlando Martínez
Now at 3B: Joe Runyon
Batting: RHB Allen Williams 0-0: Ball
1-0: Ball
2-0: Ground out 4-3 (Groundball, 4)
Batting: RHB Bill Dennis 0-0: Called Strike
0-1: Foul Ball, location: 2F
0-2: Ball
1-2: SINGLE (Line Drive, 78S)
Batting: SHB Fernando Luna 0-0: Foul Ball, location: 2F
0-1: Fly out, F7 (Flyball, 78XD)
Batting: RHB Mike Lovell 0-0: Ball
1-0: Swinging Strike
1-1: Swinging Strike
1-2: Ball
2-2: Foul Ball, location: 2F
2-2: Foul Ball, location: 2F
2-2: Strikes out swinging
Bottom of the 7th over - 0 run(s), 1 hit(s), 0 error(s), 1 left on base; Plymouth 1 - Athletic Club KC 1
TOP OF THE 8TH
Plymouth Rocks batting - Pitching for Athletic Club KC Reserves : LHP John McCord
Batting: RHB Hubert Dodson 0-0: Ball
1-0: Ball
2-0: Ball
3-0: Base on Balls
Batting: LHB Luis Costello 0-0: Bunted foul
0-1: Bunted foul
0-2: Ball
1-2: Fly out, F8 (Flyball, 8RD)
Batting: RHB Ken Fulton 0-0: Called Strike
0-1: Called Strike
0-2: Strikes out looking
Pinch Hitting: RHB Gerardo Castillo 0-0: Swinging Strike
0-1: Ball
1-1: Ball
2-1: DOUBLE (Flyball, 9D)
Hubert Dodson to third
Runner from 3rd tries for Home, SAFE, no throw
Batting: RHB Joe Runyon 0-0: Foul Ball, location: 2F
0-1: Ball
1-1: Ground out 5-3 (Groundball, 5)
Top of the 8th over - 1 run(s), 1 hit(s), 0 error(s), 1 left on base; Plymouth 2 - Athletic Club KC 1
BOTTOM OF THE 8TH
Athletic Club KC Reserves batting - Pitching for Plymouth Rocks : LHP Orlando Martínez
Now in CF: Bill Becker
Batting: LHB Matt Hartnett 0-0: Ball
1-0: Ball
2-0: Ball
3-0: Foul Ball, location: 2F
3-1: Base on Balls
Pitching: RHP Jim Meyer
Batting: RHB Chris Teague 0-0: Sac Bunt - play at first, batter OUT! 1-4
Matt Hartnett to second
Pinch Hitting: LHB Chris Hill 0-0: Ball
1-0: Ball
2-0: DOUBLE (Line Drive, 89XD)
Matt Hartnett scores
Batting: RHB Akihiko Oike 0-0: Called Strike
0-1: Ball
1-1: Ball
2-1: Ball
3-1: Base on Balls
Pinch Runner at 2nd António Montés:
Batting: LHB Rubén López 0-0: Ball
1-0: Foul Ball, location: 2F
1-1: Foul Ball, location: 2F
1-2: Ball
2-2: Ball
3-2: Foul Ball, location: 2F
3-2: Base on Balls
António Montés to third
Akihiko Oike to second
Batting: RHB Allen Williams 0-0: Ball
1-0: Ball
2-0: Ball
3-0: Base on Balls
António Montés scores
Akihiko Oike to third
Rubén López to second
Batting: RHB Bill Dennis 0-0: Swinging Strike
0-1: Foul Ball, location: 2F
0-2: Ball
1-2: Grounds into fielders choice 6-2 (Groundball, 6)
Rubén López to third
Allen Williams to second
Batting: SHB Fernando Luna 0-0: Foul Ball, location: 2F
0-1: SINGLE (Line Drive, 89M)
Rubén López scores
Allen Williams to third
Bill Dennis to second
Pinch Hitting: LHB Miguel Martínez 0-0: Ball
1-0: Foul Ball, location: 2F
1-1: Foul Ball, location: 2F
1-2: Reached on error, E4 (Groundball, 4M)
Allen Williams scores
Bill Dennis to third
Fernando Luna to second
Pitching: RHP Rubén Sánchez
Batting: LHB Matt Hartnett 0-0: Ball
1-0: Ball
2-0: Ball
3-0: Called Strike
3-1: Base on Balls
Bill Dennis scores
Fernando Luna to third
Miguel Martínez to second
Batting: RHB Chris Teague 0-0: Ball
1-0: Called Strike
1-1: Ball
2-1: Called Strike
2-2: Strikes out looking
Bottom of the 8th over - 5 run(s), 2 hit(s), 1 error(s), 3 left on base; Plymouth 2 - Athletic Club KC 6
TOP OF THE 9TH
Plymouth Rocks batting - Pitching for Athletic Club KC Reserves : LHP John McCord
Now at SS: Maurice Quinn
Now in CF: António Montés
Batting: LHB Carlos Garza 0-0: Ball
1-0: Foul Ball, location: 2F
1-1: DOUBLE (Line Drive, 9LM)
Batting: RHB Sang-yeon Kim 0-0: Swinging Strike
0-1: Ball
1-1: Called Strike
1-2: Foul Ball, location: 2F
1-2: Ground out 6-3 (Groundball, 56)
Batting: LHB Jorge Borbón 0-0: Called Strike
0-1: Ball
1-1: SINGLE (Groundball, 4MD)
Carlos Garza to third
Runner from 3rd tries for Home, SAFE, no throw
Pitching: LHP António Silva
Batting: LHB Carlos Álvarez 0-0: Called Strike
0-1: Ball
1-1: Ball
2-1: Ball
3-1: Called Strike
3-2: Grounds into double play, 1-6-3 (Groundball, P)
Top of the 9th over - 1 run(s), 2 hit(s), 0 error(s), 0 left on base; Plymouth 3 - Athletic Club KC 6
Friday, December 30th, 2016 - OOTP Baseball 17.12 Build 75